AoeStats
← miguelon01

Nomad

508245962Analyzed
4v4 RM · 11d ago on Sep 21, 2026· 44m 24s· 8 players
Game mode
Random Map
Map size
231×231
Population
200
Speed
Normal
Resources
Standard
Victory
Conquest
Starting age
Dark Age
Ending age
Imperial Age
RankedLock teamsTeams togetherTeam positionsShared explorationLock speedFull tech treeHidden civsTurbo modeCheats
Victory
Defeat
🇧🇷 Turks · Brazil
1176
+13
🇮🇹 Franks · Italy
1149
+14
🇹🇼 Koreans · Taiwan
1125
+15
🇨🇳 Mongols · China
1083
+18
🇫🇷 Maya · France
1129
-16
🇲🇽 Vietnamese · Mexico
1107
-15
🇪🇬 Goths · Egypt
1105
-15
🇨🇴 Romans · Colombia
1079
-14
Condenados
5:30 Loom
14:15 Feudal Age
19:12 Castle Age
18:44 Double-Bit Axe
21:08 Fletching
23:35 Bow Saw
30:05 Ballistics
30:19 Bodkin Arrow
35:00 Wheelbarrow
35:29 Hand Cart
39:35 Imperial Age
39:43 Imperial Age
39:52 Capped Ram
Meroero
4:19 Loom
16:23 Feudal Age
16:37 Feudal Age
18:09 Double-Bit Axe
22:49 Castle Age
20:43 Gold Mining
20:43 Stone Mining
20:37 Fishing Lines
20:45 Horse Collar
23:01 Bloodlines
22:54 Scale Mail Armor
23:06 Pikeman
23:46 Squires
24:01 Gillnets
29:06 Husbandry
31:12 Wheelbarrow
30:22 Town Watch
37:39 Stone Shaft Mining
37:12 Heavy Plow
38:35 Hand Cart
40:51 Man-at-Arms
45:51 Imperial Age
Chuterr
4:08 Loom
18:10 Feudal Age
20:27 Double-Bit Axe
23:30 Fletching
23:24 Horse Collar
32:24 Castle Age
30:46 Man-at-Arms
31:31 Scale Mail Armor
31:42 Forging
35:07 Bow Saw
Vivine61
4:47 Loom
13:28 Feudal Age
18:19 Castle Age
20:03 Fletching
20:15 Scale Mail Armor
20:26 Forging
20:55 Wheelbarrow
26:35 Crossbowman
27:23 Bodkin Arrow
37:02 Double-Bit Axe
37:22 Padded Archer Armor
42:02 Ballistics
41:36 Crossbowman
Tikka Masala
6:33 Loom
6:38 Loom
12:38 Feudal Age
14:39 Fletching
33:16 Castle Age
34:38 Castle Age
32:37 Gold Mining
32:47 Double-Bit Axe
33:29 Scale Barding Armor
34:16 Forging
36:17 Wheelbarrow
36:47 Husbandry
37:16 Bow Saw
38:10 Chain Barding Armor
39:33 Wheelbarrow
41:01 Gold Shaft Mining
40:33 Town Watch
41:36 Hand Cart
crazyeyee
5:53 Loom
14:39 Feudal Age
17:35 Wheelbarrow
19:08 Double-Bit Axe
19:11 Horse Collar
20:34 Gold Mining
20:35 Stone Mining
25:29 Castle Age
23:52 Fletching
27:03 Bow Saw
27:26 Bodkin Arrow
34:56 Imperial Age
33:49 Gold Shaft Mining
34:51 Hand Cart
35:24 Masonry
35:38 Ballistics
37:47 Stone Shaft Mining
37:29 Town Watch
37:57 Murder Holes
37:58 Fishing Lines
39:45 Chemistry
38:42 Arrowslits
41:11 Town Patrol
42:24 Architecture
41:38 Treadmill Crane
44:33 Conscription
44:47 Eupseong
dragonhunter
5:18 Loom
15:29 Feudal Age
16:29 Double-Bit Axe
18:10 Fishing Lines
20:51 Castle Age
18:46 Gold Mining
19:58 Bloodlines
20:00 Forging
21:00 Scale Barding Armor
20:47 Stone Mining
20:41 Horse Collar
22:22 Iron Casting
22:12 Light Cavalry
23:34 Chain Barding Armor
23:53 Gillnets
25:13 Wheelbarrow
24:54 Bow Saw
26:14 Gold Shaft Mining
25:42 Heavy Plow
27:38 Hand Cart
28:41 Stone Shaft Mining
31:06 Husbandry
35:28 Imperial Age
34:20 Fletching
37:39 Elite Mangudai
41:51 Chemistry
43:27 Parthian Tactics
42:22 Elite Skirmisher
44:22 Drill
44:22 Conscription
43:44 Capped Ram
43:47 Onager
miguelon01
13:47 Feudal Age
20:31 Castle Age
18:59 Stone Mining
20:55 Forging
21:25 Bloodlines
22:53 Scale Barding Armor
28:21 Double-Bit Axe
28:28 Gold Mining
30:29 Horse Collar
40:47 Imperial Age
38:06 Loom
38:48 Fletching
Connection lost

Rejoining the realm…

Still unreachable

The connection could not be restored.

Session expired

The server has moved on; the page needs a fresh start.